 Dungeon Crawl Stone Soup version 0.31-a0-188-g5e087ee2ca (webtiles) character file.

Game seed: 8542417701630483879

43 qw the Shooter (level 3, 0/20 HPs)
             Began as a Deep Elf Hunter on June 23, 2023.
             Slain by an adder (3 damage)
             ... on level 2 of the Dungeon.
             The game lasted 00:00:21 (945 turns).

qw the Shooter (Deep Elf Hunter)                     Turns: 945, Time: 00:00:22

Health: 0/20       AC:  3    Str: 10    XL:     3   Next: 37%
Magic:  5/5        EV: 12    Int: 13    God:
Gold:   31         SH:  0    Dex: 18    Spells: 2/2 levels left

rFire   . . .        Y - +0 shortbow
rCold   . . .        (shield currently unavailable)
rNeg    . . .        c - +0 leather armour
rPois   .            (no helmet)
rElec   .            (no cloak)
rCorr   .            (no gloves)
SInv    .            (no boots)
Will    .....        (no amulet)
Stlth   ++           (no ring)
HPRegen 0.23/turn    (no ring)
MPRegen 0.09/turn

%: no passive effects
@: lethally poisoned (0 -> -2)
A: no striking features
a: no special abilities


You were on level 2 of the Dungeon.
You visited 1 branch of the dungeon, and saw 2 of its levels.

You collected 31 gold pieces.


   Skills:
 - Level 1.5 Fighting
 + Level 6.9 Ranged Weapons
 - Level 2.4 Dodging
 - Level 1.2 Stealth


You had 2 spell levels left.
You didn't know any spells.
Your spell library was empty.

Inventory:

Hand Weapons
 Y - a +0 shortbow (weapon)
Armour
 c - a +0 leather armour (worn)
Scrolls
 a - a scroll of identify {unknown}
 b - a scroll of amnesia {unknown}
Potions
 d - 2 potions of curing
 e - a potion of degeneration {unknown}
 f - a potion of might
 h - a potion of cancellation {unknown}

Dungeon Overview and Level Annotations

Branches:
Dungeon (2/15)

Altars:


Message History

You shoot an arrow. The arrow misses the adder.
The arrow closely misses the rat.
The hobgoblin shouts!
The adder hisses angrily.
You shoot an arrow. The arrow misses the adder.
The arrow hits the rat.
You kill the rat!
The adder bites you but does no damage.
You shoot an arrow. The arrow barely misses the adder.
The arrow barely misses the goblin.
The arrow hits the hobgoblin.
The hobgoblin is moderately wounded.
The adder bites you.
You are poisoned.
The adder poisons you!
You shoot an arrow. The arrow barely misses the adder.
The arrow hits the goblin.
You kill the goblin!
You feel sick. The adder barely misses you.
You shoot an arrow. The arrow misses the adder.
The arrow hits the hobgoblin but does no damage.
The hobgoblin is moderately wounded.
You feel sick. The adder barely misses you. The adder closely misses you.
You shoot an arrow. The arrow hits the adder.
The adder is heavily wounded.
You feel sick.
You are no longer poisoned.
The adder bites you but does no damage.
You shoot an arrow. The arrow barely misses the adder.
The adder barely misses you. The hobgoblin barely misses you.
The adder closely misses you.
You shoot an arrow. The arrow barely misses the adder.
The adder bites you. The hobgoblin hits you.
You shoot an arrow. The arrow hits the adder.
The adder is almost dead.
The adder bites you. The hobgoblin barely misses you. The adder bites you.
You are poisoned.
The adder poisons you!
You shoot an arrow.
The arrow hits the adder but does no damage.
The adder is almost dead.
You feel sick. The adder bites you.
You die...

...###... ....#....
#.......# >%7.<.# .....##
#)...# #Sg.####### ####
###. . #.@..#<....
...###.+.7. ##.7...#
#..##..#... #...#.#
#......##.# ##.## #
#..####.#.# #.##....# #..#
#.#.# #.##%...#
#..####.#%## .###.##....#
#..<..#....##.#...##....##
#.<##.###.[##.#.####....#.


You could see an adder and a hobgoblin.

Vanquished Creatures
  A worm (D:2)
  A dart slug (D:1)
  4 ball pythons (D:1)
  5 bats
  6 endoplasms (D:1)
  A giant cockroach (D:2)
  2 hobgoblins (D:1)
  3 kobolds (D:1)
  4 frilled lizards
  5 goblins
  5 rats
37 creatures vanquished.

Notes
Turn   | Place    | Note
-------+----------+-------------------------------------------
     0 | D:1      | qw the Deep Elf Hunter began the quest for the Orb.
     0 | D:1      | Reached XP level 1. HP: 12/12 MP: 3/3
     0 | D:1      | 0 ||| qw: Version: 0.3-a-9-g12657ce
     0 | D:1      | 0 ||| qw: Game counter: 3829
     0 | D:1      | 0 ||| qw: Always use a shield: true
     0 | D:1      | 0 ||| qw: God list: Okawaru
     0 | D:1      | 0 ||| qw: Allow faded altars: false
     0 | D:1      | 0 ||| qw: Do Orc after D:15 true
     0 | D:1      | 0 ||| qw: Do second Lair branch before Depths: true
     0 | D:1      | 0 ||| qw: Lair rune preference: random
     0 | D:1      | 0 ||| qw: Plans: Normal
     0 | D:1      | 0 ||| PLANNING D:1-11
   105 | D:1      | Reached XP level 2. HP: 16/16 MP: 4/4
   121 | D:1      | Reached skill level 6 in Ranged Weapons
   287 | D:1      | Reached XP level 3. HP: 20/20 MP: 5/5
   819 | D:1      | 819 ||| READING scroll labelled ZIATHRI YLYBA.
   820 | D:1      | 820 ||| DRINKING 3 sapphire potions.
   821 | D:1      | 821 ||| DRINKING 2 green potions.
   822 | D:1      | 822 ||| DROPPING scroll of butterflies.
   944 | D:2      | HP: 5/20 [adder (2)]
   945 | D:2      | Slain by an adder

Levels and vault maps discovered:
D:1:      psy_arrival_radial02, layout_basic, minmay_pentomino_t4
D:2:      layout_loops_ring, serial_forest, infiniplex_forest_clump_medium,
          infiniplex_forest_lined_4_way, infiniplex_forest_corner_1,
          infiniplex_forest_zigzag_2, infiniplex_forest_straight_4,
          infiniplex_forest_clump_double, grunt_ministairs_13, minmay_circle_x,
          uniq_natasha

Skill      XL: |  1  2 |
---------------+-------+-----
Ranged Weapons | 6 |  6.9
Fighting       | |  1.5
Dodging        | |  2.4
Stealth        | |  1.2

Action                     || total
---------------------------++-------
   Fire: Shortbow          ||    94
    Use: Potion            ||     2
         Scroll            ||     1
 Armour: Leather armour    ||    10
  Dodge: Dodged            ||    21

Table legend:
 A = Non-vault XP
 B = Vault XP
 C = Vault XP percentage of total XP
 D = Non-vault monster count
 E = Vault monster count
 F = Vault count percentage of total count
                 A         B        C        D         E       F
            +---------+---------+-------+---------+---------+-------
      Total |      53 |       9 |  14.5 |      33 |       4 |  10.8
            +---------+---------+-------+---------+---------+-------
        D:1 |      40 |       9 |  18.4 |      26 |       4 |  13.3
        D:2 |      13 |       0 |   0.0 |       7 |       0 |   0.0
            +---------+---------+-------+---------+---------+-------
